 Dungeon Crawl Stone Soup version 0.28-a0-769-g550dbda0cd (webtiles) character file.

Game seed: 4057488997340418633

2489 jasper the Cleaver (level 9, 0/69 HPs)
             Began as a Demonspawn Artificer on Oct 31, 2021.
             Was an Initiate of Trog.
             Slain by an orc warrior (9 damage)
             ... on level 7 of the Dungeon.
             The game lasted 00:14:11 (11091 turns).

jasper the Cleaver (Demonspawn Artificer)          Turns: 11091, Time: 00:14:12

Health: 0/69       AC: 17    Str: 19    XL:     9   Next: 27%
Magic:  9/9        EV:  3    Int: 12    God:    Trog [......]
Gold:   78         SH: 13    Dex: 13    Spells: 8/8 levels left

rFire   + . .      SeeInvis .   q - +1 war axe
rCold   + . .      Faith    .   i - +0 tower shield
rNeg    . . .      Spirit   .   v - +0 plate armour
rPois   .          Reflect  .   x - +1 helmet
rElec   .          Harm     .   n - +0 cloak
rCorr   .          Rampage  .   k - +0 pair of gloves
Will    .....                   m - +1 pair of boots of Katibb {rF+ rC+ Str+2}
Stlth   ..........              (no amulet)
HPRegen 0.21/turn               (no ring)
MPRegen 0.11/turn               (no ring)

@: no status effects
A: claws 2, foul stench 2, sturdy frame 1, demonic magic 1
a: Renounce Religion


You were on level 7 of the Dungeon.
You worshipped Trog.
Trog was noncommittal.
You visited 2 branches of the dungeon, and saw 8 of its levels.

You collected 434 gold pieces.
You spent 356 gold pieces at shops.

Inventory:

Hand Weapons
 a - a +0 club
 g - a +0 flail
 j - a +0 spear
 o - a +0 flail
 q - a +1 war axe (weapon)
 s - a +6 quarterstaff
 D - the +2 flail "Olaxkufa" {venom, rN+}
   (You bought it in a shop on level 6 of the Dungeon)

   It poisons the flesh of those it strikes.
   rN:        It protects you from negative energy.
Missiles
 h - 140 stones (quivered)
 y - a throwing net
 G - 53 poisoned darts
Armour
 b - a +0 leather armour
 i - a +0 tower shield (worn)
 k - a +0 pair of gloves (worn)
 l - a +0 ring mail
 m - the +1 pair of boots of Katibb (worn) {rF+ rC+ Str+2}
   (You found it on level 7 of the Dungeon)

   Str:       It affects your strength (+2).
   rF:        It protects you from fire.
   rC:        It protects you from cold.
 n - a +0 cloak (worn)
 v - a +0 plate armour (worn)
 x - a +1 helmet (worn)
 B - a +0 scale mail
 C - a +1 pair of boots of stealth
Jewellery
 p - a +6 ring of intelligence
Wands
 d - a wand of charming (1)
 F - a wand of flame (21)
Scrolls
 A - 2 scrolls of magic mapping
Potions
 c - a potion of might {unknown}
 f - a potion of resistance
 r - 2 potions of heal wounds {unknown}
 t - 2 potions of attraction
 u - a potion of ambrosia {unknown}
 w - a potion of mutation {unknown}
 z - a potion of flight {unknown}
Miscellaneous
 e - a piece from Xom's chessboard (14/15)


   Skills:
 + Level 6.2 Fighting
 * Level 8.0 Axes
 - Level 1.0(5.0) Maces & Flails
 - Level 3.0 Armour
 - Level 0.8 Dodging
 - Level 0.8 Stealth
 + Level 4.9 Shields
 - Level 3.0 Evocations


You had 8 spell levels left.
You didn't know any spells.
Your spell library contained the following spells:

 Spells                   Type           Power      Damage    Failure   Level
 Iskenderun's Battlesphe  Conj           0%         2d6       100%        5
 Iron Shot                Conj/Erth      0%         9d1       100%        6
 Spellforged Servitor     Conj/Summ      0%         N/A       100%        7


Dungeon Overview and Level Annotations

Branches:
Dungeon (7/15)             Temple (1/1) D:4

Altars:
Ashenzari
Cheibriados
Dithmenos
Elyvilon
Fedhas
Gozag
Hepliaklqana
Kikubaaqudgha
Makhleb
Nemelex Xobeh
Okawaru
Qazlal
Ru
Sif Muna
Trog
Uskayaw
Xom
Yredelemnul
Zin
The Shining One

Shops:
D:5 :   D:6 :*:(   D:7 *


Innate Abilities, Weirdness & Mutations

You have very sharp fingernails.
You sometimes emit foul miasma when damaged in melee.
Your movements are slightly less encumbered by armour. (ER -2)
Spells you cast may paralyse adjacent enemies.


Message History

The orc warrior hits you with a +0 battleaxe.
You take 4 damage, and have 38/69 hp.
Aiming: Throw Flame
Press: ? - help, Shift-Dir - straight line, f - orc warrior
Aim: an orc warrior, wielding a +0 battleaxe and wearing a +0 plate armour (moderately wounded, 71% to hit)
The puff of flame hits the orc warrior.
The orc warrior is heavily wounded.
The orc warrior hits you with a +0 battleaxe.
You take 3 damage, and have 36/69 hp.
Aiming: Throw Flame
Press: ? - help, Shift-Dir - straight line, f/p - orc warrior
Aim: an orc warrior, wielding a +0 battleaxe and wearing a +0 plate armour (heavily wounded, 71% to hit)
The puff of flame hits the orc warrior but does no damage.
The orc warrior is heavily wounded.
The orc warrior hits you with a +0 battleaxe!
You take 13 damage, and have 23/69 hp.
Aiming: Throw Flame
Press: ? - help, Shift-Dir - straight line, f/p - orc warrior
Aim: an orc warrior, wielding a +0 battleaxe and wearing a +0 plate armour (heavily wounded, 71% to hit)
The puff of flame misses the orc warrior.
The orc warrior completely misses you.
Okay, then.
As you read the scroll labelled HOOCWUGGOHY, it crumbles to dust.
The scroll dissolves into smoke.
It was a scroll of fog.
You block the orc warrior's attack.
You hit the orc warrior but do no damage.
The orc warrior is heavily wounded.
You block the orc warrior's attack.
The orc warrior hits you with a +0 battleaxe!
* * * LOW HITPOINT WARNING * * *
You take 15 damage, and have 9/69 hp.
MASSIVE DAMAGE!!
Okay, then.
That's the wrong kind of item! (Use * to select it.) Evoke which item? (* to show all) (? for menu, Esc to quit)
Aiming: Charm
Press: ? - help, Shift-Dir - straight line, f/p - orc warrior
Aim: an orc warrior, wielding a +0 battleaxe and wearing a +0 plate armour (grey smoke, heavily wounded, chance to affect: 54%)
The orc warrior resists with significant effort.
The orc warrior hits you with a +0 battleaxe!
You die...

.......#.#.###.# ## ##
.#.##.#........# o# #.
.#.##.####.##### (# #.
...##.# ##'## .#.
.####.###...## #.#
.####.##.....## ###.#
...##.#.......## ##.#)#
..............§####..).#
..............§§@o§....#
...###........§####....#
.#.# ##.......## ##...#
##.# ##.....## #.### . #
##...## #.# # ##+# #.#
#.# #.# #.#


You could see an orc warrior.

Vanquished Creatures
  A troll (D:7)
  An ice beast (D:7)
  A sky beast (D:7)
  A black bear (D:5)
  2 necrophages (D:6)
  3 ogres
  A phantom (D:6)
  Blork the orc (D:4)
  2 scorpions
  A bullfrog (D:7)
  A water moccasin zombie (D:5)
  2 water moccasin skeletons
  5 killer bees (D:7)
  2 centaur zombies (D:6)
  3 centaur skeletons
  2 orc priests
  6 iguanas
  4 orc wizards
  A killer bee zombie (D:6)
  A howler monkey zombie (D:7)
  5 adders
  A shadow imp (D:6)
  6 dart slugs
  12 orcs
  5 endoplasms
  A giant cockroach (D:1)
  9 goblins
  5 hobgoblins
  3 quokkas
  3 ball pythons
  5 bats
  6 frilled lizards
  4 kobolds
  A quokka skeleton (D:4)
  2 rats
109 creatures vanquished.

Vanquished Creatures (collateral kills)
  A black bear (D:4)
  An ogre (D:4)
  A water moccasin skeleton (D:4)
  A dart slug (D:3)
  4 orcs
  An endoplasm (D:4)
  A hobgoblin (D:4)
  A kobold (D:4)
11 creatures vanquished.

Vanquished Creatures (others)
  An orc priest (D:7)
  An orc wizard (D:7)
  An orc (D:4)
  3 plants (D:4)
6 creatures vanquished.

Grand Total: 126 creatures vanquished

Notes
Turn   | Place    | Note
-------+----------+-------------------------------------------
     0 | D:1      | jasper the Demonspawn Artificer began the quest for the
                  | Orb.
     0 | D:1      | Reached XP level 1. HP: 15/15 MP: 1/1
   309 | D:1      | Reached skill level 1 in Maces & Flails
   309 | D:1      | Gained mutation: You may rarely emit foul miasma when
                  | damaged in melee. [demonic ancestry]
   309 | D:1      | Reached XP level 2. HP: 21/21 MP: 2/2
  1756 | D:2      | Reached skill level 1 in Axes
  2292 | D:3      | Gained mutation: Your movements are slightly less
                  | encumbered by armour. (ER -2) [demonic ancestry]
  2292 | D:3      | Reached XP level 3. HP: 24/26 MP: 3/3
  2461 | D:3      | Found an ancient bone altar of Kikubaaqudgha.
  2948 | D:3      | Found a hide-covered altar of Uskayaw.
  3372 | D:3      | Found a sacrificial altar of Ru.
  4128 | D:3      | Found a faded altar of an unknown god.
  4401 | D:3      | Reached XP level 4. HP: 12/33 MP: 4/4
  4407 | D:3      | Reached skill level 2 in Axes
  4748 | D:4      | Reached XP level 5. HP: 17/39 MP: 5/5
  4951 | D:4      | Reached skill level 3 in Axes
  5051 | D:4      | Found a shimmering altar of Xom.
  5369 | D:4      | Noticed an angel
  5412 | D:4      | Found a staircase to the Ecumenical Temple.
  5421 | D:4      | Noticed Blork the orc
  5431 | Temple   | Entered the Ecumenical Temple
  5697 | Temple   | Became a worshipper of Trog the Wrathful
  5727 | D:4      | Killed Blork the orc
  5728 | D:4      | Gained mutation: Spells you cast may paralyse adjacent
                  | enemies. [demonic ancestry]
  5728 | D:4      | Reached XP level 6. HP: 45/47 MP: 6/6
  5814 | D:4      | Reached skill level 1 in Shields
  5880 | D:4      | Reached skill level 4 in Axes
  6322 | D:4      | Gained mutation: You have sharp fingernails. [demonic
                  | ancestry]
  6322 | D:4      | Reached XP level 7. HP: 37/52 MP: 7/7
  6447 | D:4      | Reached skill level 5 in Axes
  6555 | D:4      | Found a blossoming altar of Fedhas.
  6606 | D:4      | Found a hazy altar of Hepliaklqana.
  6607 | D:4      | Found a faded altar of an unknown god.
  6766 | D:5      | Entered Level 5 of the Dungeon
  6769 | D:5      | Found Egeanwuo's Self-Improvement Boutique.
  7399 | D:5      | Gained mutation: You sometimes emit foul miasma when
                  | damaged in melee. [demonic ancestry]
  7399 | D:5      | Reached XP level 8. HP: 32/61 MP: 8/8
  7773 | D:5      | Found a shadowy altar of Dithmenos.
  7891 | D:5      | Reached skill level 6 in Axes
  8840 | D:6      | Found a shimmering blue altar of Sif Muna.
  8876 | D:6      | Reached skill level 5 in Fighting
  9439 | D:6      | Identified a scroll of acquirement
  9439 | D:6      | Acquired a +1 pair of boots of stealth
  9466 | D:6      | Found Maohi's Book Shop.
  9469 | D:6      | Found Yropo's Book Shop.
  9471 | D:6      | Found Sampeill's Antique Weapon Shop.
  9476 | D:6      | Found Real's General Store.
  9492 | D:6      | Bought a fading flail for 153 gold pieces
  9492 | D:6      | Identified the +2 flail "Olaxkufa" {venom, rN+} (You bought
                  | it in a shop on level 6 of the Dungeon)
  9498 | D:6      | Bought a wand of flame (27) for 203 gold pieces
  9925 | D:7      | Reached skill level 7 in Axes
  9956 | D:7      | Found Pilapim's Assorted Antiques.
 10049 | D:7      | Gained mutation: You have very sharp fingernails. [demonic
                  | ancestry]
 10049 | D:7      | Reached XP level 9. HP: 69/69 MP: 9/9
 10268 | D:7      | Noticed a troll
 10284 | D:7      | Killed a troll
 10664 | D:7      | Identified the +1 pair of boots of Katibb {rF+ rC+ Str+2}
 11077 | D:7      | Reached skill level 8 in Axes
 11091 | D:7      | Slain by an orc warrior

Illustrated notes

Levels and vault maps discovered:
D:1:      dpeg_arrival_three_smaller_balls, layout_basic, chequers_big_river
D:2:      layout_basic, basic_altar, minivault_11
D:3:      layout_basic, marbit_many_paths, mainiacjoe_overflow_catwalk_spiral,
          basic_ecumenical_altar
D:4:      minmay_chambers_of_twos, layout_cave_pools,
          grunt_temple_overflow_order_and_chaos_1, fedhas_ov_isle_minmay,
          beargit_hepliaklqana_dungeon_heroes, minmay_temple_entry_trees
D:5:      layout_loops_cross, mainiacjoe_overflow_cross_hatched,
          nicolae_shop_self_help
D:6:      layout_basic, nicolae_sif_muna_condensation,
          kennysheep_cross_bottleneck, chequers_decorated_corner,
          minmay_misc_feat_cross, minmay_shop_grid_forest
D:7:      layout_loops_corners, nicolae_wu_jian_immortal_techniques,
          serial_shops, nicolae_take_the_stairs, patterned_corridor
Temple:   chequers_temple_sunken

Skill      XL: |  1  2  3  4  5  6  7  8  9 |
---------------+----------------------------+-----
Armour         | 2 3 |  3.0
Maces & Flails | 1 |  1.0
Axes           | 1 2 3 4 5 7 8 |  8.0
Fighting       | 2 3 4 5 6 |  6.2
Shields        | 1 3 4 |  4.9
Dodging        | |  0.8
Stealth        | |  0.8
Evocations     | |  3.0

Action                   |  1- 3 |  4- 6 |  7- 9 || total
-------------------------+-------+-------+-------++-------
Melee: Club              |     7 |       |       ||     7
       Spear             |    74 |       |       ||    74
       Flail             |    41 |       |       ||    41
       War axe           |     5 |    85 |   277 ||   367
Throw: Stone             |    27 |    15 |    25 ||    67
Evoke: Wand              |    18 |    10 |    15 ||    43
       Piece from Xom's  |       |       |     6 ||     6
  Use: Scroll            |     6 |       |     5 ||    11
       Potion            |       |     2 |     4 ||     6
 Stab: Distracted        |     1 |       |       ||     1
       Sleeping          |     1 |       |       ||     1
Armor: Leather armour    |     9 |       |       ||     9
       Ring mail         |    29 |    35 |    73 ||   137
       Skin              |       |     7 |    34 ||    41
       Scale mail        |       |       |    45 ||    45
       Plate armour      |       |       |    51 ||    51
Dodge: Dodged            |    67 |    35 |    59 ||   161
Block: Tower shield      |       |    58 |   208 ||   266

Table legend: (Time is in decaauts)
 A = Elapsed time spent in this place.
 B = Non-inter-level travel time spent in this place.
 C = Inter-level travel time spent in this place.
 D = Time resting spent in this place.
 E = Time spent auto-exploring this place.
 F = Levels seen in this place.
 G = Mean time per level.
                   A        B        C        D        E       F      G
               +--------+--------+--------+--------+--------+-----+--------+
         Total |  11433 |  10893 |    540 |   3680 |   5442 |   8 | 1429.1 |
       Dungeon |  11093 |  10608 |    485 |   3680 |   5166 |   7 | 1584.7 |
        Temple |    339 |    284 |     55 |      0 |    275 |   1 |  339.0 |
               +--------+--------+--------+--------+--------+-----+--------+

Top non-repeatable levels by time:
     D:3: 2509 daAuts
     D:5: 1724 daAuts
     D:4: 1671 daAuts
     D:6: 1488 daAuts
     D:1: 1295 daAuts
     D:7: 1291 daAuts
     D:2: 1112 daAuts
  Temple: 339 daAuts
